Map: Orbital Shipyard

Players

Miszu - Winner!

  • Race: Terran Terran
  • League: Grandmaster

Trussell

  • Race: Terran Terran
  • League: Master

VOD

Have the link to the VOD?

Description

Time

  • Played on: Feb. 7, 2016, 4:13 p.m.
  • Length: 10:56
Show
View Real Time Build Order
Export as new Build Order

Miszu Terran - Winner!

Build Orders: Bio Tank 

Get SALT Encoding   

  12  0:00  SCV  
  13  0:12  SCV  
  14  0:17  Supply Depot  
  14  0:24  SCV  
  15  0:39  SCV  
  16  0:43  Barracks  
  16  0:45  Refinery  
  16  0:51  SCV  
  17  1:03  SCV  
  18  1:15  SCV  
  19  1:30  Orbital Command  
  19  1:31  Barracks Reactor  
  19  1:42  Command Center  
  19  1:55  Supply Depot  
  19  1:56  SCV  
  20  2:07  Marine x2  
  22  2:09  SCV  
  23  2:16  Factory  
  23  2:23  Bunker  
  23  2:24  SCV  
  23  2:28  Marine  
  25  2:30  Marine  
  25  2:37  SCV  
  27  2:46  Marine, Refinery  
  27  2:48  Marine  
  29  2:51  SCV  
  29  2:57  Orbital Command  
  30  3:01  Starport  
  30  3:04  SCV  
  31  3:07  Factory Tech Lab  
  31  3:16  SCV  
  34  3:21  Supply Depot  
  34  3:23  SCV  
  35  3:28  Engineering Bay  
  35  3:33  Cyclone  
  35  3:34  SCV  
  37  3:42  SCV  
  37  3:44  Viking  
  37  3:46  SCV  
  41  3:53  Missile Turret  
  41  3:54  SCV  
  42  4:00  Missile Turret  
  42  4:01  SCV  
  43  4:09  SCV  
  44  4:16  Supply Depot  
  42  4:26  Marine x2, SCV  
  42  4:28  Siege Tank  
  47  4:41  SCV  
  47  4:42  SCV  
  49  4:46  Command Center  
  49  4:54  Marine x2, SCV x2  
  53  5:01  Barracks  
  53  5:02  Barracks  
  53  5:06  SCV  
  53  5:07  Starport Reactor, SCV  
  54  5:12  Marine  
  54  5:13  Marine  
  56  5:18  SCV  
  56  5:19  SCV  
  56  5:27  Refinery x2, Terran Infantry Weapons Level 1  
  56  5:30  Marine, SCV  
  56  5:31  SCV  
  59  5:40  Marine  
  59  5:42  SCV  
  61  5:43  SCV  
  61  5:48  Supply Depot  
  62  5:51  Supply Depot  
  62  5:54  SCV  
  62  5:56  SCV  
  62  6:06  Barracks Tech Lab x2  
  62  6:09  Marine x2, Siege Tank, SCV x2  
  69  6:12  Medivac  
  71  6:19  Medivac  
  71  6:22  SCV x2, Orbital Command  
  71  6:25  Marine x2  
  76  6:27  Marine  
  76  6:29  Stimpack  
  76  6:31  Combat Shields  
  78  6:34  Marine, SCV x2  
  81  6:40  Supply Depot  
  81  6:41  Supply Depot  
  81  6:43  Marine  
  82  6:48  Marine x2  
  82  6:52  Marine  
  85  6:55  Medivac x2  
  85  6:56  Siege Tank  
  85  7:00  Marine  
  93  7:02  Supply Depot  
  93  7:04  Supply Depot  
  93  7:07  SCV  
  93  7:08  SCV  
  94  7:20  Marine  
  95  7:25  Viking x2  
  95  7:29  Reaper  
  100  7:30  Marine  
  100  7:31  Marine  
  100  7:33  Supply Depot, Barracks  
  100  7:34  Supply Depot  
  100  7:35  Barracks  
  102  7:37  Supply Depot  
  102  7:38  Marine  
  103  7:48  Marine  
  103  7:49  Marine  
  103  7:50  Siege Tank  
  108  7:56  Reaper  
  109  8:01  Marine  
  105  8:06  Marine  
  105  8:07  Marine  
  107  8:19  Marine  
  108  8:24  Marine x2  
  108  8:25  Marine, Siege Tank  
  108  8:26  Marine  
  114  8:28  Marine  
  114  8:30  Supply Depot  
  113  8:37  Marine  
  113  8:41  Medivac x2  
  113  8:42  Marine x2  
  113  8:43  Marine  
  113  8:44  Marine  
  113  8:46  Marine  
  120  8:55  Marine  
  121  8:57  Siege Tank  
  121  8:59  Marine  
  121  9:00  Marine  
  121  9:01  Marine  
  121  9:02  Marine, Orbital Command  
  121  9:04  Marine  
  122  9:11  Medivac  
  122  9:12  Marine  
  122  9:13  Supply Depot  
  122  9:14  Supply Depot, Engineering Bay, Armory  
  125  9:17  Marine  
  125  9:18  Marine  
  125  9:19  Factory, Marine x2  
  125  9:22  Marine  
  130  9:29  Hellion  
  130  9:30  Marine  
  133  9:36  Marine, Marauder  
  133  9:37  Marine x2  
  138  9:39  Marine  
  138  9:45  Medivac x2  
  143  9:47  SCV  
  143  9:48  Marine  
  143  9:50  Siege Tank  
  141  9:53  Marine  
  142  10:03  Marine x4  
  142  10:06  Marine  
  146  10:11  Marine  
  147  10:15  Factory Tech Lab  
  147  10:20  Marine  
  147  10:21  Marine x3  
  148  10:22  Siege Tank  
  148  10:24  Marine  
  155  10:29  Marine  
Show
View Real Time Build Order
Export as new Build Order

Trussell Terran 

Build Orders: 1/1/1, MMM Bio, Banshee Rush 

Get SALT Encoding   

  12  0:01  SCV  
  13  0:13  SCV  
  14  0:18  Supply Depot  
  14  0:29  SCV  
  14  0:31  Refinery  
  15  0:41  SCV  
  16  0:45  Barracks  
  16  0:54  SCV  
  17  1:01  Refinery  
  17  1:06  SCV  
  18  1:18  SCV  
  19  1:30  SCV  
  19  1:32  Marine  
  20  1:34  Factory  
  21  1:49  Supply Depot  
  21  1:52  Orbital Command  
  21  1:57  Barracks Reactor  
  21  2:18  SCV  
  21  2:20  Starport  
  22  2:30  SCV  
  23  2:41  Hellion  
  23  2:42  Hellion, SCV  
  23  2:44  Barracks Tech Lab  
  28  2:48  Supply Depot  
  28  2:54  SCV  
  29  3:03  Hellion  
  31  3:09  Hellion  
  31  3:11  Banshee  
  36  3:14  Cloaking Field  
  36  3:21  Supply Depot  
  36  3:29  Hellion  
  40  3:54  Banshee  
  41  4:01  Command Center  
  41  4:09  SCV  
  41  4:12  Factory Tech Lab  
  33  4:27  Marine, SCV  
  33  4:28  Marine  
  34  4:42  SCV  
  32  4:49  Siege Tank  
  32  4:52  Barracks  
  35  4:53  Barracks  
  35  4:54  Starport Reactor, SCV  
  35  4:58  Marine  
  35  4:59  Marine  
  38  5:03  Supply Depot  
  38  5:06  SCV  
  39  5:22  Siege Tank  
  39  5:23  Marine x2  
  39  5:25  SCV  
  39  5:27  Engineering Bay  
  45  5:36  Orbital Command  
  45  5:41  Marine  
  46  5:43  Stimpack  
  46  5:44  Barracks Reactor  
  46  5:47  SCV  
  47  5:57  Marine  
  47  5:58  Marine  
  47  5:59  SCV  
  47  6:00  Viking  
  47  6:01  Viking  
  51  6:05  SCV  
  51  6:08  Terran Infantry Weapons Level 1  
  51  6:09  Marine  
  53  6:12  SCV  
  53  6:15  Supply Depot  
  53  6:17  Marine, SCV  
  56  6:19  Marine  
  56  6:24  Refinery, SCV  
  56  6:25  Marine  
  59  6:30  Medivac  
  59  6:31  Medivac  
  63  6:33  Marine x2  
  63  6:35  Marine  
  63  6:37  SCV  
  63  6:38  SCV  
  68  6:41  Marine  
  68  6:45  Marine  
  68  6:47  Siege Tank  
  73  6:49  SCV  
  73  6:51  Marine  
  73  6:53  Supply Depot, SCV  
  76  7:00  Marine  
  77  7:06  Marine  
  78  7:14  Marine, SCV x2  
  81  7:20  Marine  
  82  7:22  Command Center  
  82  7:26  SCV  
  83  7:31  Marine x2  
  83  7:32  Marine  
  86  7:39  Medivac  
  86  7:42  Marine  
  88  7:48  Marine, Combat Shields  
  88  7:49  Marine  
  90  8:00  Medivac  
  73  8:13  Marine x3  
  73  8:15  Marine  
  73  8:17  Marine  
  73  8:18  Siege Tank  
  75  8:27  SCV  
  75  8:31  Marine x3  
  75  8:33  Marine  
  77  8:34  Marine  
  67  8:48  Marine  
  67  8:49  Marine x2  
  67  8:50  Siege Tank  
  67  8:51  Starport Reactor, Marine, SCV  
  67  8:52  SCV  
  67  8:54  Marine  
  77  8:56  Missile Turret  
  77  8:58  Orbital Command  
  71  9:04  SCV  
  71  9:06  Marine x2  
  71  9:08  SCV  
  75  9:12  Refinery  
  75  9:13  Marine x2  
  75  9:15  Marine  
  77  9:24  Marine x2  
  77  9:25  SCV  
  77  9:28  SCV  
  77  9:30  SCV  
  82  9:35  Marine  
  82  9:36  Marine  
  80  9:44  Siege Tank  
  81  9:52  Marine x2  
  78  10:09  Marine x2, Medivac x2  
  78  10:10  Marine x3  
  79  10:21  Siege Tank  
  79  10:27  Marine x2  
  79  10:28  Marine x2  
  80  10:29  Marine  
Tags
 
Add a new tag
Caveats
  • Supply blocks, unpowered buildings, or Contaminate may cause inaccurate times.
  • Supply counts are checked every 10 seconds.